AoeStats
← Warm Sausage

Arabia

510640723Analyzed
1v1 RM · 1d ago on Oct 1, 2026· 21m 26s· 2 players
Game mode
Random Map
Map size
Tiny (2 player)
Population
200
Speed
Normal
Resources
Standard
Victory
Conquest
Starting age
Dark Age
Ending age
Imperial Age
RankedLock teamsTeams togetherTeam positionsShared explorationLock speedFull tech treeHidden civsTurbo modeCheats
Victory
Defeat
🇺🇸 Varangians · United States
1031
+17
🇺🇸 Inca · United States
1045
-49
iMob-_-InSaNiTy
7:17 Loom
9:44 Feudal Age
11:06 Double-Bit Axe
11:17 Horse Collar
11:58 Bloodlines
16:02 Scale Barding Armor
18:53 Forging
23:10 Castle Age
Warm Sausage
12:22 Feudal Age
10:54 Loom
14:03 Double-Bit Axe
14:12 Horse Collar
Connection lost

Rejoining the realm…

Still unreachable

The connection could not be restored.

Session expired

The server has moved on; the page needs a fresh start.